Map: Port Aleksander LE

Players

SpeCial

  • Race: Terran Terran
  • Spawn Location: 5:00

MCanning - Winner!

  • Race: Protoss Protoss
  • Spawn Location: 11:00

Event: 2019 WCS Winter Americas

VOD

Have the link to the VOD?

Description

Time

  • Played on: Jan. 31, 2019, 1:56 p.m.
  • Length: 18:20

All games in this series

Show
View Real Time Build Order
Export as new Build Order

SpeCial Terran 

Build Orders: Cyclone Opening 

Get SALT Encoding   

  12  0:00  SCV  
  13  0:13  SCV  
  14  0:18  Supply Depot  
  14  0:25  SCV  
  15  0:39  SCV  
  15  0:40  Barracks  
  16  0:47  Refinery  
  16  0:52  SCV  
  16  0:57  Refinery  
  17  1:04  SCV  
  18  1:16  SCV  
  19  1:27  Reaper  
  19  1:28  Orbital Command  
  20  1:39  Supply Depot  
  20  1:46  Factory  
  20  1:56  SCV  
  20  2:00  Reaper  
  22  2:08  SCV  
  23  2:20  SCV  
  24  2:29  Factory Tech Lab  
  24  2:32  SCV  
  24  2:34  Command Center  
  25  2:41  Supply Depot  
  25  2:46  SCV  
  25  2:51  Cyclone  
  29  2:58  SCV  
  30  3:05  Starport  
  30  3:10  SCV  
  31  3:15  Barracks  
  31  3:22  SCV  
  32  3:31  Cyclone  
  32  3:32  Barracks Reactor  
  35  3:34  SCV  
  36  3:46  SCV, Orbital Command  
  37  3:58  SCV  
  38  4:04  Liberator  
  38  4:07  Barracks Tech Lab  
  38  4:11  SCV  
  38  4:14  Bunker, Siege Tank  
  41  4:18  SCV  
  41  4:20  Marine x2  
  41  4:23  SCV  
  47  4:27  Marine  
  47  4:30  Supply Depot  
  48  4:33  Combat Shield  
  48  4:35  SCV x2  
  50  4:42  Marine x2  
  52  4:47  SCV x2  
  52  4:49  Supply Depot x2  
  54  4:59  SCV x2  
  56  5:00  Marine x3  
  56  5:03  Siege Tank  
  62  5:11  SCV x2  
  62  5:13  Supply Depot  
  64  5:17  Marine  
  64  5:18  Marine  
  64  5:19  Medivac  
  62  5:29  Marine  
  62  5:31  SCV x2  
  62  5:33  Barracks  
  62  5:35  Marine  
  65  5:36  Marine  
  67  5:43  SCV x2  
  67  5:44  Siege Tank  
  67  5:47  Marine  
  67  5:49  Supply Depot  
  73  5:53  Marine x2  
  73  5:55  SCV x2  
  74  6:02  Refinery  
  74  6:04  Engineering Bay  
  74  6:05  Marine  
  74  6:07  SCV x2  
  74  6:11  Marine x2  
  77  6:12  Supply Depot  
  71  6:19  SCV  
  71  6:20  SCV  
  71  6:22  Siege Tank  
  71  6:23  Marine  
  77  6:29  Marine  
  77  6:31  Bunker  
  77  6:32  SCV x2, Bunker  
  76  6:44  Marine x2  
  64  6:47  SCV  
  64  6:49  Marine x2  
  64  6:57  SCV  
  64  6:59  SCV  
  63  7:02  Marine x2  
  64  7:09  SCV  
  64  7:11  SCV  
  64  7:15  Stimpack, Marine x2  
  66  7:22  SCV  
  69  7:23  SCV  
  69  7:25  Terran Infantry Weapons Level 1  
  68  7:31  Refinery  
  68  7:34  SCV, Marine x2  
  68  7:35  SCV  
  72  7:37  Command Center  
  72  7:42  Siege Tank, Barracks Tech Lab  
  75  7:46  SCV  
  75  7:47  Missile Turret  
  75  7:48  SCV, Marine  
  75  7:50  Starport Reactor  
  78  7:52  Marine x2  
  80  8:02  Marauder  
  80  8:04  SCV x2  
  84  8:06  Marauder, Barracks  
  84  8:07  Barracks  
  84  8:12  Marine x2  
  88  8:16  SCV  
  89  8:20  Missile Turret  
  89  8:22  SCV  
  89  8:26  Concussive Shells  
  90  8:27  Factory Reactor  
  90  8:28  SCV, Medivac x2  
  90  8:30  Marine x2  
  90  8:32  Supply Depot  
  97  8:37  Marauder x2  
  97  8:40  SCV  
  102  8:48  Marine x2  
  102  8:52  Orbital Command  
  102  8:54  Supply Depot  
  104  8:56  Supply Depot  
  104  8:58  Marauder x2  
  104  8:59  Supply Depot  
  108  9:03  Medivac x2  
  108  9:06  SCV x2  
  111  9:10  Marine x2  
  113  9:19  Orbital Command  
  113  9:20  Marauder, SCV  
  113  9:21  Missile Turret  
  113  9:24  Marine x2  
  116  9:25  Marauder  
  116  9:29  Terran Infantry Armor Level 1  
  116  9:30  SCV  
  121  9:32  SCV  
  122  9:42  SCV  
  122  9:44  SCV, Missile Turret  
  122  9:45  Marine x2  
  126  9:47  Orbital Command  
  124  9:54  SCV  
  124  9:55  Marine  
  124  9:56  Marauder  
  126  10:01  Marauder, Marine  
  126  10:02  SCV  
  126  10:06  SCV, Marauder, Marine  
  127  10:13  SCV  
  126  10:15  SCV  
  126  10:18  SCV  
  128  10:21  Marine x2  
  128  10:22  Marauder  
  128  10:23  Marauder  
  128  10:25  SCV  
  128  10:27  SCV  
  119  10:32  Starport, Factory Reactor  
  119  10:34  Marine x2  
  121  10:38  Medivac x2  
  121  10:39  Marine x2  
  127  10:45  Refinery  
  127  10:47  Sensor Tower, Refinery  
  123  10:52  Marine x2  
  123  10:55  Marauder  
  123  10:56  Marauder  
  129  10:57  Marine x2  
  129  11:04  Armory, Marauder  
  133  11:10  Marine x2  
  134  11:15  Marine x2  
  134  11:16  Viking x2  
  134  11:17  Marine  
  134  11:18  Marauder  
  138  11:22  Viking  
  138  11:25  Marine  
  141  11:26  Viking  
  141  11:28  Marine x2  
  141  11:29  Supply Depot  
  141  11:35  SCV x3  
  141  11:39  Supply Depot  
  141  11:46  Viking x2  
  145  11:48  Marauder  
  146  11:59  SCV x2, Marine x2  
  146  12:00  Marauder x2  
  142  12:10  SCV  
  142  12:13  Marauder, Marine  
  142  12:16  Viking  
  142  12:21  Marauder  
  142  12:28  Marauder  
  142  12:29  Missile Turret, Marine  
  141  12:32  SCV x2  
  143  12:37  Medivac  
  143  12:43  Marine  
  137  12:46  Marauder  
  135  12:55  Supply Depot  
  135  12:56  Terran Infantry Weapons Level 2  
  135  13:00  Marine  
  135  13:01  Marauder  
  135  13:05  Medivac x2  
  142  13:08  Marine  
  142  13:09  Marauder  
  142  13:12  Marine x2  
  147  13:13  Marauder  
  147  13:15  Terran Ship Weapons Level 1  
  148  13:25  Marine  
  148  13:26  Marauder, Marine  
  150  13:30  Viking x2, Marauder, Marine  
  157  13:36  Marine  
  157  13:37  Marauder  
  155  13:43  Marine  
  155  13:44  Marine  
  155  13:47  Marauder  
  155  13:48  Marine  
  159  13:51  Marauder  
  159  13:54  Marine  
  162  13:56  SCV x2  
  162  13:57  SCV  
  162  13:58  Marauder  
  162  14:02  Marine x2  
  169  14:08  SCV  
  169  14:09  Marauder  
  172  14:13  Marauder  
  173  14:20  Medivac  
  173  14:22  Medivac  
  173  14:25  Marauder  
  173  14:29  Supply Depot  
  173  14:43  Ghost Academy  
  173  14:44  Command Center  
  173  14:50  Medivac x3, Marine  
  173  14:51  Marine x2  
  181  14:55  Marine  
  178  15:01  Engineering Bay  
  178  15:05  SCV x2  
  180  15:12  Ghost x2  
  181  15:21  Marine  
  181  15:23  Marine  
  181  15:25  Marine  
  181  15:26  Marine  
  181  15:28  Ghost  
  146  15:39  Marine  
  146  15:41  Marine  
  146  15:42  Marauder x2, Marine  
  117  15:44  Marine  
  117  15:49  Orbital Command  
  92  15:57  Marauder, Marine  
  92  16:02  Orbital Command  
  92  16:03  Marauder x2  
  69  16:06  Marine  
  69  16:18  Marauder  
  69  16:24  Marauder  
  71  16:36  SCV x3  
  74  16:45  Orbital Command  
  74  16:48  Missile Turret  
  74  16:51  SCV x2  
  74  16:53  Marine  
  77  16:54  Marine  
  77  16:57  Marine  
  77  17:00  Marauder  
  81  17:01  Marine  
  81  17:03  SCV  
  81  17:08  Marauder  
  85  17:12  Marine  
  85  17:13  Marauder, Marine  
  85  17:14  SCV  
  90  17:21  Marauder, Marine  
  86  17:27  Marine  
  86  17:29  Marauder  
  69  17:38  Marine  
  70  17:49  Marine  
  65  17:57  Marine  
  65  17:58  Marine  
Show
View Real Time Build Order
Export as new Build Order

MCanning Protoss - Winner!

Build Orders: 1 Gate Expand, Colossus Rush 

Get SALT Encoding   

  12  0:00  Probe  
  13  0:12  Probe  
  14  0:18  Pylon  
  14  0:25  Probe  
  15  0:34  Probe  
  15  0:38  Gateway  
  15  0:42  Probe  
  16  0:48  Assimilator  
  17  0:51  Probe  
  18  1:03  Probe  
  19  1:15  Probe  
  20  1:26  Nexus  
  20  1:35  Cybernetics Core  
  20  1:39  Probe  
  21  1:44  Assimilator  
  21  1:53  Pylon  
  21  1:54  Zealot  
  23  2:11  Probe  
  23  2:15  Adept  
  23  2:20  Warp Gate  
  25  2:24  Probe  
  25  2:36  Probe  
  26  2:39  Probe  
  27  2:44  Probe, Robotics Facility  
  28  2:51  Probe  
  28  2:52  Probe  
  28  2:56  Stalker  
  32  3:04  Probe x2  
  34  3:14  Probe  
  34  3:16  Probe  
  36  3:28  Probe  
  36  3:30  Gateway x2  
  38  3:36  Robotics Bay  
  38  3:38  Probe  
  38  3:40  Warp Prism  
  38  3:43  Probe  
  39  3:55  Shield Battery  
  40  4:01  Probe  
  41  4:05  Probe  
  41  4:09  Gravitic Drive  
  40  4:10  Stalker  
  40  4:13  Probe  
  40  4:14  Disruptor  
  42  4:17  Probe  
  43  4:30  Pylon  
  46  4:34  Pylon  
  46  4:36  Assimilator  
  46  4:39  Assimilator, Pylon  
  46  4:48  Sentry, Probe  
  46  4:50  Pylon  
  49  4:54  Probe  
  49  4:58  Pylon  
  50  5:00  Probe  
  50  5:03  Colossus  
  50  5:06  Probe  
  52  5:09  Forge  
  52  5:12  Probe  
  59  5:18  Probe  
  60  5:26  Probe  
  61  5:29  Gateway  
  61  5:31  Probe  
  61  5:32  Extended Thermal Lance  
  62  5:39  Probe  
  62  5:40  Pylon  
  63  5:44  Protoss Ground Weapons Level 1  
  63  5:46  Disruptor  
  63  5:48  Stalker  
  65  5:50  Probe  
  63  5:58  Probe  
  67  6:04  Zealot  
  69  6:15  Disruptor  
  69  6:17  Adept x2  
  74  6:31  Zealot x2  
  74  6:45  Zealot x2  
  68  6:51  Disruptor  
  68  6:53  Stalker x2  
  66  7:12  Probe  
  66  7:14  Probe  
  68  7:17  Colossus  
  68  7:18  Twilight Council  
  68  7:19  Gateway  
  68  7:21  Stalker x2  
  72  7:25  Nexus  
  72  7:27  Probe  
  72  7:29  Sentry  
  78  7:30  Sentry  
  78  7:36  Pylon  
  78  7:37  Blink  
  83  7:41  Protoss Ground Armor Level 1  
  83  7:51  Adept  
  83  7:52  Adept  
  83  7:55  Gateway  
  87  8:02  Probe  
  87  8:05  Colossus  
  88  8:06  Probe  
  88  8:10  Adept x2, Pylon  
  99  8:23  Probe  
  99  8:25  Shield Battery  
  100  8:31  Shield Battery  
  100  8:32  Probe  
  101  8:36  Pylon  
  101  8:41  Adept  
  101  8:42  Adept x2  
  101  8:43  Probe  
  101  8:45  Probe  
  101  8:47  Assimilator  
  109  8:50  Assimilator  
  109  8:52  Probe  
  110  8:55  Probe  
  110  9:00  Colossus  
  117  9:08  Probe  
  118  9:11  Zealot x3  
  118  9:13  Probe  
  118  9:16  Pylon  
  125  9:20  Dark Shrine  
  125  9:29  Probe  
  125  9:30  Probe  
  127  9:31  Probe  
  127  9:35  Stalker x2  
  125  9:56  Adept x4  
  125  9:58  Disruptor  
  125  9:59  Probe  
  120  10:02  Probe  
  116  10:11  Stalker  
  116  10:12  Stalker  
  110  10:30  Probe  
  110  10:33  Stalker x4  
  110  10:34  Probe  
  120  10:39  Probe  
  121  10:48  Probe  
  121  10:49  Probe  
  123  10:52  Dark Templar  
  125  11:00  Pylon  
  125  11:01  Pylon  
  125  11:13  Probe x2  
  125  11:17  Disruptor  
  124  11:20  Zealot  
  124  11:21  Zealot x2  
  124  11:22  Zealot  
  132  11:34  Dark Templar  
  132  11:38  Dark Templar  
  136  11:42  Disruptor  
  134  11:53  Zealot x3  
  119  12:01  Stalker  
  119  12:02  Zealot, Dark Templar  
  119  12:03  Probe  
  118  12:10  Probe  
  118  12:11  Probe  
  120  12:15  Probe  
  120  12:18  Dark Templar x2  
  120  12:22  Probe  
  126  12:23  Probe  
  126  12:24  Dark Templar  
  126  12:27  Probe, Archon  
  126  12:28  Archon  
  128  12:34  Probe  
  128  12:35  Probe  
  130  12:40  Dark Templar, Probe  
  130  12:43  Warp Prism  
  133  12:47  Stalker x2  
  139  12:52  Probe  
  140  13:00  Twilight Council  
  140  13:04  Pylon  
  138  13:14  Disruptor  
  138  13:16  Assimilator  
  139  13:28  Nexus  
  139  13:29  Stalker x2  
  142  13:41  Probe  
  142  13:43  Dark Templar  
  142  13:44  Stalker  
  142  13:45  Probe  
  147  13:49  Disruptor  
  147  13:56  Protoss Ground Armor Level 2, Pylon  
  147  13:58  Pylon  
  147  14:00  Pylon  
  147  14:01  Pylon  
  144  14:14  Zealot, Probe  
  144  14:15  Zealot  
  149  14:18  Zealot x3, Pylon  
  149  14:20  Probe  
  149  14:22  Disruptor, Pylon  
  154  14:30  Dark Templar  
  159  14:40  Dark Templar x3  
  159  14:45  Archon x2  
  165  14:46  Dark Templar x2  
  165  14:52  Archon  
  167  15:05  Stalker  
  169  15:09  Probe  
  168  15:15  Disruptor  
  168  15:17  Dark Templar x3  
  168  15:18  Dark Templar  
  179  15:22  Archon x2  
  156  15:41  Zealot x2  
  121  15:49  Disruptor  
  118  15:58  Zealot x3  
  118  15:59  Zealot  
  114  16:13  Disruptor  
  110  16:21  Sentry  
  110  16:22  Stalker  
  110  16:23  Stalker x4, Nexus  
  125  16:29  Pylon  
  125  16:37  Disruptor  
  125  16:45  Dark Templar  
  127  16:47  Stalker  
  127  16:48  Stalker x4  
  140  17:00  Robotics Facility  
  140  17:06  Zealot  
  142  17:11  Zealot  
  142  17:12  Zealot x3  
  142  17:13  Disruptor  
  141  17:32  Zealot  
  141  17:33  Zealot x3  
  129  17:56  Zealot x2  
  129  17:57  Zealot x4  
Tags
 
Add a new tag
Caveats
  • Supply blocks, unpowered buildings, or Contaminate may cause inaccurate times.
  • Supply counts are checked every 10 seconds.